Flames vs Stars
Created - March 2, 2019 at 21:01
Goals
|
| Flames |
2 |
6 |
2 |
10 |
| Stars |
0 |
2 |
2 |
4 |
|
Shots
|
| Flames |
18 |
13 |
15 |
46 |
| Stars |
11 |
7 |
7 |
25 |
|
1st period
1. Flames , Alexander Semin 21 (Steve Regier 13, Tom Poti 13) at 18:44
2. Flames , David Backes 31 (Eric Staal 48) at 18:50 (PP)
Penalties :
Jussi Jokinen (Dal) for Interference (Minor) at 0:27, Alexander Semin (Cal) for Interference (Minor) at 14:21, Jussi Jokinen (Dal) for Boarding (Minor) at 18:49
2nd period
3. Flames , Patrik Berglund 18 (Tom Poti 14, Steve Regier 14) at 2:42
4. Flames , Eric Staal 35 (Erik Johnson 37, Alexander Semin 23) at 13:51 (PP)
5. Flames , Erik Johnson 6 (Tom Poti 15) at 14:21
6. Flames , Brad Marchand 16 (Erik Johnson 38) at 15:47
7. Stars , Brian Lee 5 (Jussi Jokinen 40, Antoine Vermette 32) at 16:01
8. Stars , Ian White 4 (John Tavares 30) at 16:13 (PP)
9. Flames , Colin Wilson 9 (Derek Meech 12, Jordin Tootoo 18) at 19:02
10. Flames , David Backes 32 (Alexander Semin 24) at 19:44
Penalties :
Alexander Semin (Cal) for High sticking (Minor) at 5:08, Jussi Jokinen (Dal) for Hooking (Minor) at 13:40, Erik Johnson (Cal) for Roughing (Minor) at 16:12
3rd period
11. Stars , John Tavares 35 (Michael Grabner 19, Guillaume Latendresse 24) at 1:40 (PP)
12. Flames , David Ullstrom 10 (Erik Johnson 39) at 11:11
13. Stars , John Tavares 36 (Brian Lee 25) at 15:06 (PP)
14. Flames , Eric Staal 36 (Tom Poti 16, David Backes 50) at 17:18
Penalties :
Tom Poti (Cal) for Hooking (Minor) at 0:17, Brian Lee (Dal) for Roughing (Minor) at 3:56, Guillaume Latendresse (Dal) for Fighting (Major) at 7:15, Jordin Tootoo (Cal) for Fighting (Major) at 7:15, Jordin Tootoo (Cal) for instigated a fight (Minor) at 7:15, Jordin Tootoo (Cal) for instigated a fight (10 Minutes Misconduct) at 7:15, Jonathan Ferland (Cal) for High sticking (Minor) at 14:27, Johnny Oduya (Dal) for High sticking (Minor) at 17:23, Guillaume Latendresse (Dal) for Holding (Minor) at 17:46
Goalie Stats
Pekka Rinne (Cal), 21 saves from 25 shots - (0.840), W, 12-19-2, 60:00 minutes
Mike Brodeur (Dal), 13 saves from 17 shots - (0.765), 24:13 minutes
Jhonas Enroth (Dal), 23 saves from 29 shots - (0.793), L, 13-9-5, 35:47 minutes
Players Stats for Flames
Player Name G A P +/- PIM S H SB GA TA FO MP PP MP PK MP
------------------------------------------------------------------------------------
Alexander Semin 1 2 3 3 4 6 0 0 0 0 0/1 21:13 2:57 0:09
Brad Marchand 1 0 1 2 0 3 3 2 0 0 1/3 18:30 1:22 3:40
Brendan Mikkelson 0 0 0 0 0 0 0 1 0 0 0/0 12:05 0:00 0:35
Colin Wilson 1 0 1 1 0 2 1 0 0 0 3/4 8:17 0:36 0:00
David Backes 2 1 3 2 0 6 2 0 1 0 1/1 19:23 2:59 0:00
David Ullstrom 1 0 1 1 0 1 0 0 0 0 0/0 10:49 0:00 4:10
Derek Meech 0 1 1 3 0 0 1 2 0 4 0/0 20:29 2:45 4:49
Eric Staal 2 1 3 2 0 8 0 0 1 0 16/28 23:03 2:58 4:10
Erik Johnson 1 3 4 4 2 6 3 1 0 0 0/0 28:00 3:47 3:11
Jonathan Ferland 0 0 0 2 2 1 1 0 0 0 0/0 9:20 0:19 0:10
Jordin Tootoo 0 1 1 1 17 0 2 0 2 0 0/0 8:00 1:55 0:00
Mikhail Grabovski 0 0 0 1 0 1 0 0 0 1 4/9 10:19 0:00 3:40
Patrik Berglund 1 0 1 2 0 1 1 0 1 0 9/21 16:00 3:15 0:00
Peter Prucha 0 0 0 2 0 2 0 0 0 0 1/2 13:32 0:00 0:00
Sami Vatanen 0 0 0 0 0 0 0 0 1 0 0/0 14:15 2:45 0:00
Steve Eminger 0 0 0 3 0 0 1 0 1 0 0/0 17:44 0:00 4:49
Steve Regier 0 2 2 2 0 7 1 0 1 0 0/0 13:30 3:15 0:01
Tom Poti 0 4 4 4 2 2 0 1 1 0 0/0 27:25 3:47 2:36
Players Stats for Stars
Player Name G A P +/- PIM S H SB GA TA FO MP PP MP PK MP
------------------------------------------------------------------------------------
Alex Chiasson 0 0 0 0 0 1 1 0 0 0 0/0 8:29 0:39 0:00
Antoine Vermette 0 1 1 -3 0 3 1 0 0 1 13/30 20:20 2:35 0:55
B.J. Crombeen 0 0 0 -2 0 0 1 0 0 0 1/1 15:05 2:42 0:00
Boris Valabik 0 0 0 -1 0 1 2 2 0 0 0/0 9:38 0:00 0:00
Brian Lee 1 1 2 -1 2 1 2 1 1 1 0/0 19:15 3:29 2:04
Cory Emmerton 0 0 0 0 0 4 0 0 1 0 2/5 9:56 0:00 2:07
Drew Fata 0 0 0 -5 0 0 0 4 0 2 0/0 29:49 4:31 3:28
Dustin Penner 0 0 0 -2 0 0 0 1 0 0 1/1 9:40 0:13 1:02
Evgeny Artyukhin 0 0 0 -2 0 0 0 1 0 0 0/0 8:35 0:13 0:00
Evgeny Grachev 0 0 0 -2 0 0 0 0 0 0 2/2 8:21 0:00 0:00
Guillaume Latendresse 0 1 1 -2 7 1 1 3 0 1 0/0 17:50 4:07 1:58
Ian White 1 0 1 -5 0 6 2 1 0 0 0/0 29:49 4:31 3:28
John Tavares 2 1 3 -2 0 4 2 1 1 1 10/21 20:31 5:07 2:57
Johnny Oduya 0 0 0 -1 2 1 1 0 0 0 0/0 19:40 3:29 2:12
Jussi Jokinen 0 1 1 -3 6 2 2 0 0 0 2/4 20:09 2:35 0:47
Michael Grabner 0 1 1 -3 0 0 2 0 0 2 3/5 23:33 5:05 1:37
Niklas Hjalmarsson 0 0 0 -1 0 0 0 2 2 1 0/0 11:54 0:00 1:56
Patrick Sharp 0 0 0 0 0 1 0 0 0 0 0/0 9:11 0:44 0:00
3 Stars
1 - Erik Johnson (Cal)
2 - David Backes (Cal)
3 - Eric Staal (Cal)
Power Play
Flames - 2 on 6 Attempt(s) - 33.33%
Stars - 3 on 6 Attempt(s) - 50.00%
Penalty Kill
Flames - 3 on 6 Attempt(s) - 50.00%
- Score 0 goal in Penalty Kill
Stars - 4 on 6 Attempt(s) - 66.67%
- Score 0 goal in Penalty Kill
Team Stat
Flames - Hits : 16 - Faceoff Wins : 35 - Blocked Shots : 7 - Penalty Minutes : 27
Stars - Hits : 17 - Faceoff Wins : 34 - Blocked Shots : 16 - Penalty Minutes : 17
Official
Referees : Unknown
Linesman : Unknown
Game Notes
Mike Brodeur enters game at 15:47 of 2nd period
19:02 of 2nd period - Flames goal is going for a video replay. After video review, Goal.
Guillaume Latendresse beats up Jordin Tootoo at 7:15 of 3rd period
Finance
Level 1 -- Attendance: 6000 (100.00%) -- Ticket Income $348,000
Level 2 -- Attendance: 4448 (88.96%) -- Ticket Income $204,608
Level 3 -- Attendance: 1547 (77.35%) -- Ticket Income $61,880
Level 4 -- Attendance: 2761 (69.03%) -- Ticket Income $82,830
Luxury Box -- Attendance: 1000 (100.00%) -- Ticket Income $105,000
Game was played at the American Airlines Center.
Total Attendance: 15756 (87.53%)
Total Ticket Income: $802,318
Other Income: $120,348
Total Income: $922,666
Flames
5 vs 5 Forward
Center Left Wing Right Wing Time % Phy DF OF
1 Eric Staal Alexander Semin David Backes 40 1 2 2
2 Patrik Berglund Brad Marchand Peter Prucha 33 1 2 2
3 Colin Wilson Steve Regier Jordin Tootoo 19 1 2 2
4 Mikhail Grabovski David Ullstrom Jonathan Ferland 8 1 2 2
5 vs 5 Defense
Defense Defense Time % Phy DF OF
1 Erik Johnson Tom Poti 38 1 2 2
2 Derek Meech Steve Eminger 29 1 2 2
3 Brendan Mikkelson Sami Vatanen 23 1 2 2
4 Derek Meech Steve Eminger 10 1 2 2
PowerPlay Forward
Center Left Wing Right Wing Time % Phy DF OF
1 Eric Staal Alexander Semin David Backes 60 1 0 4
2 Patrik Berglund Steve Regier Jordin Tootoo 40 1 0 4
PowerPlay Defense
Defense Defense Time % Phy DF OF
1 Erik Johnson Tom Poti 60 1 1 3
2 Derek Meech Sami Vatanen 40 1 1 3
Penalty Kill 4 Players Forward
Center Wing Time % Phy DF OF
1 Mikhail Grabovski Brad Marchand 50 1 4 0
2 Eric Staal David Ullstrom 50 1 4 0
Penalty Kill 4 Players Defense
Defense Defense Time % Phy DF OF
1 Derek Meech Steve Eminger 58 1 4 0
2 Erik Johnson Tom Poti 42 1 4 0
Penalty Kill - 3 Players Forward
Forward Time % Phy DF OF
1 Eric Staal 50 1 4 0
2 David Backes 50 1 4 0
Penalty Kill - 3 Players Defense
Defense Defense Time % Phy DF OF
1 Derek Meech Steve Eminger 58 1 4 0
2 Erik Johnson Tom Poti 42 1 4 0
4 vs 4 Forward
Center Wing Time % Phy DF OF
1 Eric Staal David Backes 60 1 2 2
2 Patrik Berglund Alexander Semin 40 1 2 2
4 vs 4 Defense
Defense Defense Time % Phy DF OF
1 Erik Johnson Tom Poti 60 1 2 2
2 Derek Meech Steve Eminger 40 1 2 2
Last Minutes Offensive
Center Left Wing Right Wing Defense Defense
Eric Staal Alexander Semin David Backes Erik Johnson Tom Poti
Last Minutes Defensive
Center Left Wing Right Wing Defense Defense
Eric Staal Alexander Semin David Backes Derek Meech Steve Eminger
Goaltenders
Starting : Pekka Rinne
Backup : Jonas Gustavsson
Extra Forwards
Normal : Brad Marchand, Peter Prucha, Patrik Berglund - PP : Brad Marchand, Colin Wilson - PK : Jonathan Ferland
Extra Defensemen
Normal : Derek Meech, Steve Eminger, Sami Vatanen - PP : Sami Vatanen - PK : Erik Johnson, Brendan Mikkelson
Penalty Shots
Eric Staal, Alexander Semin, David Backes, Steve Regier, Patrik Berglund
Scratches
None
Stars
5 vs 5 Forward
Center Left Wing Right Wing Time % Phy DF OF
1 Antoine Vermette Jussi Jokinen Michael Grabner 40 1 2 2
2 John Tavares Guillaume Latendresse B.J. Crombeen 30 1 2 2
3 Cory Emmerton Patrick Sharp Alex Chiasson 20 1 2 2
4 Evgeny Grachev Dustin Penner Evgeny Artyukhin 10 1 2 2
5 vs 5 Defense
Defense Defense Time % Phy DF OF
1 Drew Fata Ian White 40 1 2 2
2 Brian Lee Johnny Oduya 30 1 2 2
3 Boris Valabik Niklas Hjalmarsson 20 1 2 2
4 Drew Fata Ian White 10 1 2 2
PowerPlay Forward
Center Left Wing Right Wing Time % Phy DF OF
1 John Tavares Guillaume Latendresse Michael Grabner 60 0 2 3
2 Antoine Vermette Jussi Jokinen B.J. Crombeen 40 0 2 3
PowerPlay Defense
Defense Defense Time % Phy DF OF
1 Drew Fata Ian White 60 0 2 3
2 Brian Lee Johnny Oduya 40 0 2 3
Penalty Kill 4 Players Forward
Center Wing Time % Phy DF OF
1 John Tavares Guillaume Latendresse 60 0 3 2
2 Jussi Jokinen Michael Grabner 40 0 3 2
Penalty Kill 4 Players Defense
Defense Defense Time % Phy DF OF
1 Drew Fata Ian White 60 0 3 2
2 Brian Lee Johnny Oduya 40 0 3 2
Penalty Kill - 3 Players Forward
Forward Time % Phy DF OF
1 John Tavares 60 0 3 2
2 Guillaume Latendresse 40 0 3 2
Penalty Kill - 3 Players Defense
Defense Defense Time % Phy DF OF
1 Drew Fata Ian White 60 0 3 2
2 Brian Lee Johnny Oduya 40 0 3 2
4 vs 4 Forward
Center Wing Time % Phy DF OF
1 John Tavares Guillaume Latendresse 60 1 2 2
2 Jussi Jokinen Michael Grabner 40 1 2 2
4 vs 4 Defense
Defense Defense Time % Phy DF OF
1 Drew Fata Ian White 60 1 2 2
2 Brian Lee Johnny Oduya 40 1 2 2
Last Minutes Offensive
Center Left Wing Right Wing Defense Defense
John Tavares Guillaume Latendresse Michael Grabner Drew Fata Ian White
Last Minutes Defensive
Center Left Wing Right Wing Defense Defense
John Tavares Guillaume Latendresse Michael Grabner Drew Fata Ian White
Goaltenders
Starting : Jhonas Enroth
Backup : Mike Brodeur
Extra Forwards
Normal : Patrick Sharp, Alex Chiasson, Cory Emmerton - PP : Patrick Sharp, Alex Chiasson - PK : Cory Emmerton
Extra Defensemen
Normal : Boris Valabik, Niklas Hjalmarsson, Brian Lee - PP : Boris Valabik - PK : Niklas Hjalmarsson, Brian Lee
Penalty Shots
John Tavares, Guillaume Latendresse, Jussi Jokinen, Michael Grabner, Patrick Sharp
Scratches
None
% Time on Ice - Flames
Lines # - Real PCT - Wanted PCT - Time Play
Normal Forward
1 - 40% - 40% - 18:19
2 - 28% - 33% - 12:49
3 - 17% - 19% - 7:41
4 - 15% - 8% - 6:39
Normal Defense
1 - 41% - 38% - 18:42
2 - 28% - 29% - 12:53
3 - 25% - 23% - 11:30
4 - 5% - 10% - 2:23
PP Forward
1 - 45% - 60% - 2:58
2 - 55% - 40% - 3:34
PP Defense
1 - 58% - 60% - 3:47
2 - 42% - 40% - 2:45
PK Forward
1 - 46% - 50% - 3:41
2 - 54% - 50% - 4:19
PK Defense
1 - 60% - 58% - 4:49
2 - 40% - 42% - 3:11
PK3 Forward
1 - 0% - 50%
2 - 0% - 50%
PK3 Defense
1 - 0% - 58%
2 - 0% - 42%
44 Forward
1 - 0% - 60%
2 - 0% - 40%
44 Defense
1 - 0% - 60%
2 - 0% - 40%
Last Minute Offensive - 0:00
Last Minute Defensive - 0:00
Total
Forward - 60:00
Defense - 60:00
|
% Time on Ice - Stars
Lines # - Real PCT - Wanted PCT - Time Play
Normal Forward
1 - 37% - 40% - 16:37
2 - 28% - 30% - 12:41
3 - 17% - 20% - 7:49
4 - 18% - 10% - 8:21
Normal Defense
1 - 40% - 40% - 18:15
2 - 31% - 30% - 14:00
3 - 21% - 20% - 9:38
4 - 8% - 10% - 3:35
PP Forward
1 - 68% - 60% - 5:25
2 - 32% - 40% - 2:35
PP Defense
1 - 56% - 60% - 4:31
2 - 44% - 40% - 3:29
PK Forward
1 - 66% - 60% - 3:15
2 - 34% - 40% - 1:41
PK Defense
1 - 48% - 60% - 2:21
2 - 52% - 40% - 2:35
PK3 Forward
1 - 66% - 60% - 1:03
2 - 34% - 40% - 0:33
PK3 Defense
1 - 70% - 60% - 1:07
2 - 30% - 40% - 0:29
44 Forward
1 - 0% - 60%
2 - 0% - 40%
44 Defense
1 - 0% - 60%
2 - 0% - 40%
Last Minute Offensive - 0:00
Last Minute Defensive - 0:00
Total
Forward - 60:00
Defense - 60:00
|
Play-by-Play
1st period
0:01 of 1st period - Antoine Vermette wins face-off versus Eric Staal in neutral zone.
0:03 of 1st period - Off-side.
0:04 of 1st period - Michael Grabner wins face-off versus Eric Staal in neutral zone.
0:07 of 1st period - Slapshot by Jussi Jokinen.
0:07 of 1st period - Deflect By Antoine Vermette.
0:07 of 1st period - Shot Misses the Net.
0:07 of 1st period - Puck is out of play.
0:08 of 1st period - Eric Staal wins face-off versus Antoine Vermette in Flames zone.
0:27 of 1st period - Minor Penalty to Jussi Jokinen for Interference.
0:28 of 1st period - John Tavares wins face-off versus Eric Staal in Stars zone.
1:02 of 1st period - Snap shot by Cory Emmerton.
1:02 of 1st period - Stopped by Pekka Rinne with a rebound.
1:43 of 1st period - Brian Lee is hit by Patrik Berglund and loses puck.
1:56 of 1st period - Patrik Berglund is hit by Ian White and loses puck.
2:27 of 1st period - Penalty to Jussi Jokinen is over, Jussi Jokinen is back on ice.
2:44 of 1st period - Off-side.
2:45 of 1st period - Cory Emmerton wins face-off versus Patrik Berglund in neutral zone.
3:08 of 1st period - Snap shot by John Tavares.
3:08 of 1st period - Stopped by Pekka Rinne without a rebound.
3:09 of 1st period - Eric Staal wins face-off versus John Tavares in Flames zone.
4:05 of 1st period - Icing by Brian Lee.
4:06 of 1st period - Cory Emmerton wins face-off versus Eric Staal in Stars zone.
4:06 of 1st period - Cory Emmerton is hit by Erik Johnson.
4:20 of 1st period - Backhand shot by Alex Chiasson.
4:20 of 1st period - Shot Misses the Net.
4:22 of 1st period - Snap shot by Cory Emmerton.
4:22 of 1st period - Stopped by Pekka Rinne without a rebound.
4:23 of 1st period - Peter Prucha wins face-off versus Antoine Vermette in Flames zone.
4:35 of 1st period - Snap shot by Patrik Berglund.
4:35 of 1st period - Shot Misses the Net.
4:53 of 1st period - Icing by John Tavares.
4:54 of 1st period - Eric Staal wins face-off versus John Tavares in Stars zone.
4:55 of 1st period - Snap shot by Alexander Semin.
4:55 of 1st period - Shot Misses the Net.
4:57 of 1st period - Snap shot by David Backes.
4:57 of 1st period - Stopped by Jhonas Enroth without a rebound.
4:58 of 1st period - Antoine Vermette wins face-off versus Patrik Berglund in Stars zone.
5:34 of 1st period - Wrist shot by John Tavares.
5:34 of 1st period - Shot Misses the Net.
5:52 of 1st period - Snap shot by Colin Wilson.
5:52 of 1st period - Shot Blocked by Boris Valabik.
5:54 of 1st period - Snap shot by Steve Regier.
5:54 of 1st period - Stopped by Jhonas Enroth with a rebound.
6:04 of 1st period - Snap shot by Peter Prucha.
6:04 of 1st period - Shot Blocked by Evgeny Artyukhin.
6:26 of 1st period - Snap shot by Jussi Jokinen.
6:26 of 1st period - Stopped by Pekka Rinne with a rebound.
6:51 of 1st period - Brian Lee is hit by Jordin Tootoo and loses puck.
7:19 of 1st period - Snap shot by Cory Emmerton.
7:19 of 1st period - Shot Misses the Net.
7:21 of 1st period - Snap shot by Cory Emmerton.
7:21 of 1st period - Stopped by Pekka Rinne with a rebound.
7:37 of 1st period - Snap shot by Eric Staal.
7:37 of 1st period - Stopped by Jhonas Enroth with a rebound.
7:53 of 1st period - Snap shot by Jonathan Ferland.
7:53 of 1st period - Shot Blocked by Drew Fata.
7:55 of 1st period - Slapshot by Mikhail Grabovski.
7:55 of 1st period - Stopped by Jhonas Enroth with a rebound.
7:57 of 1st period - Slapshot by Derek Meech.
7:57 of 1st period - Shot Blocked by Drew Fata.
8:21 of 1st period - Wrist shot by Evgeny Grachev.
8:21 of 1st period - Shot Misses the Net.
9:21 of 1st period - Snap shot by Jonathan Ferland.
9:21 of 1st period - Shot Misses the Net.
10:37 of 1st period - Wrist shot by John Tavares.
10:37 of 1st period - Stopped by Pekka Rinne without a rebound.
10:38 of 1st period - Eric Staal wins face-off versus Antoine Vermette in Flames zone.
11:11 of 1st period - Wrist shot by Cory Emmerton.
11:11 of 1st period - Stopped by Pekka Rinne with a rebound.
12:07 of 1st period - Boris Valabik is hit by David Backes and loses puck.
12:18 of 1st period - Snap shot by David Backes.
12:18 of 1st period - Stopped by Jhonas Enroth with a rebound.
13:01 of 1st period - Brad Marchand is hit by Michael Grabner and loses puck.
13:20 of 1st period - Derek Meech is hit by Boris Valabik and loses puck.
13:25 of 1st period - Snap shot by Evgeny Grachev.
13:25 of 1st period - Shot Misses the Net.
14:02 of 1st period - Wrist shot by Peter Prucha.
14:02 of 1st period - Stopped by Jhonas Enroth without a rebound.
14:03 of 1st period - Antoine Vermette wins face-off versus Patrik Berglund in Stars zone.
14:10 of 1st period - Wrist shot by Antoine Vermette.
14:10 of 1st period - Stopped by Pekka Rinne without a rebound.
14:11 of 1st period - Michael Grabner wins face-off versus Alexander Semin in Flames zone.
14:14 of 1st period - Wrist shot by Jussi Jokinen.
14:14 of 1st period - Shot Misses the Net.
14:16 of 1st period - Snap shot by Antoine Vermette.
14:16 of 1st period - Stopped by Pekka Rinne with a rebound.
14:21 of 1st period - Minor Penalty to Alexander Semin for Interference.
14:22 of 1st period - John Tavares wins face-off versus Mikhail Grabovski in Flames zone.
16:21 of 1st period - Penalty to Alexander Semin is over, Alexander Semin is back on ice.
16:35 of 1st period - Niklas Hjalmarsson is hit by Erik Johnson and loses puck.
16:56 of 1st period - Snap shot by Alexander Semin.
16:56 of 1st period - Shot Misses the Net.
16:58 of 1st period - Snap shot by Alexander Semin.
16:58 of 1st period - Shot Misses the Net.
17:02 of 1st period - Snap shot by Alexander Semin.
17:02 of 1st period - Stopped by Jhonas Enroth with a rebound.
17:04 of 1st period - Snap shot by Alexander Semin.
17:04 of 1st period - Shot Misses the Net.
17:08 of 1st period - Snap shot by Steve Regier.
17:08 of 1st period - Stopped by Jhonas Enroth with a rebound.
17:18 of 1st period - Snap shot by Steve Regier.
17:18 of 1st period - Stopped by Jhonas Enroth with a rebound.
17:20 of 1st period - Slapshot by Tom Poti.
17:20 of 1st period - Deflect By Boris Valabik.
17:20 of 1st period - Stopped by Jhonas Enroth with a rebound.
17:28 of 1st period - Slapshot by Steve Regier.
17:28 of 1st period - Deflect By Boris Valabik.
17:28 of 1st period - Stopped by Jhonas Enroth with a rebound.
17:30 of 1st period - Wrist shot by Alexander Semin.
17:30 of 1st period - Stopped by Jhonas Enroth with a rebound.
17:32 of 1st period - Snap shot by Erik Johnson.
17:32 of 1st period - Stopped by Jhonas Enroth with a rebound.
18:06 of 1st period - Snap shot by Steve Regier.
18:06 of 1st period - Shot Blocked by Boris Valabik.
18:18 of 1st period - Snap shot by Steve Regier.
18:18 of 1st period - Stopped by Jhonas Enroth with a rebound.
18:20 of 1st period - Wrist shot by Jonathan Ferland.
18:20 of 1st period - Shot Blocked by Niklas Hjalmarsson.
18:22 of 1st period - Slapshot by Alexander Semin.
18:22 of 1st period - Shot Misses the Net.
18:24 of 1st period - Snap shot by Jonathan Ferland.
18:24 of 1st period - Shot Blocked by Dustin Penner.
18:30 of 1st period - Snap shot by Steve Regier.
18:30 of 1st period - Shot Blocked by Niklas Hjalmarsson.
18:34 of 1st period - Snap shot by Alexander Semin.
18:34 of 1st period - Stopped by Jhonas Enroth with a rebound.
18:36 of 1st period - Slapshot by Erik Johnson.
18:36 of 1st period - Stopped by Jhonas Enroth with a rebound.
18:44 of 1st period - Snap shot by Alexander Semin.
18:44 of 1st period - Goal by Alexander Semin - Flames : 1 - Stars : 0.
18:45 of 1st period - Patrik Berglund wins face-off versus Antoine Vermette in neutral zone.
18:49 of 1st period - Minor Penalty to Jussi Jokinen for Boarding.
18:50 of 1st period - Eric Staal wins face-off versus John Tavares in Stars zone.
18:50 of 1st period - Snap shot by David Backes.
18:50 of 1st period - Goal by David Backes - Flames : 2 - Stars : 0.
18:51 of 1st period - Patrik Berglund wins face-off versus Antoine Vermette in neutral zone.
19:38 of 1st period - Snap shot by Alex Chiasson.
19:38 of 1st period - Stopped by Pekka Rinne without a rebound.
19:39 of 1st period - Antoine Vermette wins face-off versus Eric Staal in Flames zone.
19:44 of 1st period - Snap shot by Antoine Vermette.
19:44 of 1st period - Stopped by Pekka Rinne with a rebound.
Goals for this period are 2 for Flames vs 0 for Stars.
Shots for this period are 18 for Flames vs 11 for Stars.
2nd period
0:01 of 2nd period - Patrik Berglund wins face-off versus Antoine Vermette in neutral zone.
0:58 of 2nd period - Snap shot by Eric Staal.
0:58 of 2nd period - Shot Misses the Net.
1:00 of 2nd period - Snap shot by Brendan Mikkelson.
1:00 of 2nd period - Shot Misses the Net.
1:02 of 2nd period - Snap shot by Eric Staal.
1:02 of 2nd period - Shot Blocked by Brian Lee.
1:04 of 2nd period - Snap shot by David Backes.
1:04 of 2nd period - Shot Blocked by Guillaume Latendresse.
1:06 of 2nd period - Snap shot by David Backes.
1:06 of 2nd period - Stopped by Jhonas Enroth with a rebound.
1:45 of 2nd period - Wrist shot by Jonathan Ferland.
1:45 of 2nd period - Stopped by Jhonas Enroth without a rebound.
1:46 of 2nd period - Eric Staal wins face-off versus Antoine Vermette in Stars zone.
2:25 of 2nd period - Boris Valabik is hit by Steve Regier and loses puck.
2:42 of 2nd period - Wrist shot by Patrik Berglund.
2:42 of 2nd period - Goal by Patrik Berglund - Flames : 3 - Stars : 0.
2:43 of 2nd period - Patrik Berglund wins face-off versus Antoine Vermette in neutral zone.
2:52 of 2nd period - Slapshot by Brad Marchand.
2:52 of 2nd period - Stopped by Jhonas Enroth with a rebound.
2:54 of 2nd period - Wrist shot by Peter Prucha.
2:54 of 2nd period - Stopped by Jhonas Enroth without a rebound.
2:55 of 2nd period - Jussi Jokinen wins face-off versus Patrik Berglund in Stars zone.
3:06 of 2nd period - Wrist shot by Antoine Vermette.
3:06 of 2nd period - Shot Misses the Net.
3:08 of 2nd period - Slapshot by Ian White.
3:08 of 2nd period - Stopped by Pekka Rinne without a rebound.
3:09 of 2nd period - Antoine Vermette wins face-off versus Eric Staal in Flames zone.
3:34 of 2nd period - John Tavares is hit by Brad Marchand and loses puck.
3:39 of 2nd period - Wrist shot by Patrik Berglund.
3:39 of 2nd period - Shot Blocked by Drew Fata.
3:54 of 2nd period - Off-side.
3:55 of 2nd period - Colin Wilson wins face-off versus Cory Emmerton in neutral zone.
4:27 of 2nd period - John Tavares is hit by Brad Marchand and loses puck.
5:08 of 2nd period - Minor Penalty to Alexander Semin for High sticking.
5:09 of 2nd period - Eric Staal wins face-off versus John Tavares in Flames zone.
5:25 of 2nd period - Slapshot by Ian White.
5:25 of 2nd period - Stopped by Pekka Rinne without a rebound.
5:26 of 2nd period - Michael Grabner wins face-off versus Mikhail Grabovski in Flames zone.
5:27 of 2nd period - Snap shot by John Tavares.
5:27 of 2nd period - Shot Misses the Net.
5:29 of 2nd period - Slapshot by Ian White.
5:29 of 2nd period - Stopped by Pekka Rinne without a rebound.
5:30 of 2nd period - Mikhail Grabovski wins face-off versus John Tavares in Flames zone.
5:30 of 2nd period - Mikhail Grabovski is hit by Guillaume Latendresse.
7:08 of 2nd period - Penalty to Alexander Semin is over, Alexander Semin is back on ice.
8:10 of 2nd period - David Ullstrom is hit by Brian Lee and loses puck.
8:41 of 2nd period - Antoine Vermette is hit by Erik Johnson and loses puck.
8:54 of 2nd period - Niklas Hjalmarsson is hit by Colin Wilson and loses puck.
9:01 of 2nd period - Dustin Penner is hit by Jordin Tootoo and loses puck.
9:34 of 2nd period - B.J. Crombeen is hit by Jonathan Ferland and loses puck.
9:53 of 2nd period - Icing by Brad Marchand.
9:54 of 2nd period - Patrik Berglund wins face-off versus Michael Grabner in Flames zone.
10:07 of 2nd period - Snap shot by Jussi Jokinen.
10:07 of 2nd period - Shot Misses the Net.
10:21 of 2nd period - Alexander Semin is hit by Ian White and loses puck.
10:46 of 2nd period - Jordin Tootoo is hit by Boris Valabik.
11:04 of 2nd period - Slapshot by Dustin Penner.
11:04 of 2nd period - Deflect By Evgeny Grachev.
11:04 of 2nd period - Shot Blocked by Derek Meech.
11:04 of 2nd period - Puck is out of play.
11:05 of 2nd period - Evgeny Grachev wins face-off versus Mikhail Grabovski in Flames zone.
11:32 of 2nd period - David Backes is hit by Jussi Jokinen.
11:37 of 2nd period - Off-side.
11:38 of 2nd period - Patrik Berglund wins face-off versus Jussi Jokinen in neutral zone.
12:13 of 2nd period - Snap shot by Alexander Semin.
12:13 of 2nd period - Stopped by Jhonas Enroth without a rebound.
12:14 of 2nd period - Eric Staal wins face-off versus Antoine Vermette in Stars zone.
12:17 of 2nd period - Slapshot by Eric Staal.
12:17 of 2nd period - Shot Blocked by Drew Fata.
12:19 of 2nd period - Slapshot by Eric Staal.
12:19 of 2nd period - Shot Blocked by Ian White.
13:40 of 2nd period - Minor Penalty to Jussi Jokinen for Hooking.
13:41 of 2nd period - John Tavares wins face-off versus Eric Staal in Stars zone.
13:49 of 2nd period - Slapshot by Erik Johnson.
13:49 of 2nd period - Shot Blocked by Guillaume Latendresse.
13:51 of 2nd period - Snap shot by Eric Staal.
13:51 of 2nd period - Goal by Eric Staal - Flames : 4 - Stars : 0.
13:52 of 2nd period - Antoine Vermette wins face-off versus Eric Staal in neutral zone.
14:05 of 2nd period - Slapshot by Ian White.
14:05 of 2nd period - Stopped by Pekka Rinne with a rebound.
14:21 of 2nd period - Slapshot by Erik Johnson.
14:21 of 2nd period - Goal by Erik Johnson - Flames : 5 - Stars : 0.
14:22 of 2nd period - Patrik Berglund wins face-off versus Antoine Vermette in neutral zone.
14:58 of 2nd period - Wrist shot by Eric Staal.
14:58 of 2nd period - Stopped by Jhonas Enroth with a rebound.
15:35 of 2nd period - Snap shot by Eric Staal.
15:35 of 2nd period - Shot Misses the Net.
15:37 of 2nd period - Wrist shot by Eric Staal.
15:37 of 2nd period - Stopped by Jhonas Enroth without a rebound.
15:38 of 2nd period - Antoine Vermette wins face-off versus Patrik Berglund in Stars zone.
15:45 of 2nd period - Slapshot by Erik Johnson.
15:45 of 2nd period - Shot Misses the Net.
15:47 of 2nd period - Backhand shot by Brad Marchand.
15:47 of 2nd period - Goal by Brad Marchand - Flames : 6 - Stars : 0.
15:47 of 2nd period - Mike Brodeur enters game.
15:48 of 2nd period - Patrik Berglund wins face-off versus Antoine Vermette in neutral zone.
15:57 of 2nd period - Snap shot by Jussi Jokinen.
15:57 of 2nd period - Stopped by Pekka Rinne without a rebound.
15:58 of 2nd period - Antoine Vermette wins face-off versus Patrik Berglund in Flames zone.
15:59 of 2nd period - Wrist shot by Jussi Jokinen.
15:59 of 2nd period - Shot Blocked by Tom Poti.
16:01 of 2nd period - Slapshot by Brian Lee.
16:01 of 2nd period - Goal by Brian Lee - Flames : 6 - Stars : 1.
16:02 of 2nd period - Antoine Vermette wins face-off versus Patrik Berglund in neutral zone.
16:12 of 2nd period - Minor Penalty to Erik Johnson for Roughing.
16:13 of 2nd period - John Tavares wins face-off versus Mikhail Grabovski in Flames zone.
16:13 of 2nd period - Slapshot by Ian White.
16:13 of 2nd period - Goal by Ian White - Flames : 6 - Stars : 2.
16:14 of 2nd period - Antoine Vermette wins face-off versus Peter Prucha in neutral zone.
17:03 of 2nd period - Colin Wilson is hit by Brian Lee.
17:58 of 2nd period - Wrist shot by Patrick Sharp.
17:58 of 2nd period - Shot Blocked by Brad Marchand.
18:16 of 2nd period - Brad Marchand is hit by John Tavares and loses puck.
18:28 of 2nd period - Off-side.
18:29 of 2nd period - Eric Staal wins face-off versus Antoine Vermette in neutral zone.
18:42 of 2nd period - Erik Johnson is hit by Antoine Vermette and loses puck.
19:00 of 2nd period - Slapshot by Derek Meech.
19:00 of 2nd period - Shot Blocked by Guillaume Latendresse.
19:02 of 2nd period - Wrist shot by Colin Wilson.
19:02 of 2nd period - Flames goal is going for a video replay.
19:02 of 2nd period - The goal is good.
19:02 of 2nd period - Goal by Colin Wilson - Flames : 7 - Stars : 2.
19:03 of 2nd period - Eric Staal wins face-off versus Michael Grabner in neutral zone.
19:26 of 2nd period - Alexander Semin is hit by Michael Grabner and loses puck.
19:33 of 2nd period - Drew Fata is hit by David Backes and loses puck.
19:44 of 2nd period - Wrist shot by David Backes.
19:44 of 2nd period - Goal by David Backes - Flames : 8 - Stars : 2.
19:45 of 2nd period - John Tavares wins face-off versus Brad Marchand in neutral zone.
19:48 of 2nd period - Slapshot by Drew Fata.
19:48 of 2nd period - Shot Blocked by Brad Marchand.
Goals for this period are 6 for Flames vs 2 for Stars.
Shots for this period are 13 for Flames vs 7 for Stars.
3rd period
0:01 of 3rd period - Eric Staal wins face-off versus Antoine Vermette in neutral zone.
0:17 of 3rd period - Minor Penalty to Tom Poti for Hooking.
0:18 of 3rd period - Mikhail Grabovski wins face-off versus John Tavares in Flames zone.
0:29 of 3rd period - Off-side.
0:30 of 3rd period - Eric Staal wins face-off versus John Tavares in neutral zone.
1:05 of 3rd period - Off-side.
1:06 of 3rd period - John Tavares wins face-off versus Mikhail Grabovski in neutral zone.
1:15 of 3rd period - Slapshot by Brian Lee.
1:15 of 3rd period - Deflect By Michael Grabner.
1:15 of 3rd period - Shot Misses the Net.
1:15 of 3rd period - Puck is out of play.
1:16 of 3rd period - Mikhail Grabovski wins face-off versus John Tavares in Flames zone.
1:25 of 3rd period - Brendan Mikkelson is hit by John Tavares and loses puck.
1:30 of 3rd period - Backhand shot by John Tavares.
1:30 of 3rd period - Shot Misses the Net.
1:32 of 3rd period - Slapshot by Ian White.
1:32 of 3rd period - Shot Misses the Net.
1:36 of 3rd period - Wrist shot by Guillaume Latendresse.
1:36 of 3rd period - Stopped by Pekka Rinne with a rebound.
1:38 of 3rd period - Wrist shot by John Tavares.
1:38 of 3rd period - Shot Misses the Net.
1:40 of 3rd period - Wrist shot by Michael Grabner.
1:40 of 3rd period - Deflect By John Tavares.
1:40 of 3rd period - Goal by John Tavares - Flames : 8 - Stars : 3.
1:41 of 3rd period - Antoine Vermette wins face-off versus Eric Staal in neutral zone.
1:45 of 3rd period - Off-side.
1:46 of 3rd period - Antoine Vermette wins face-off versus Eric Staal in neutral zone.
2:19 of 3rd period - Eric Staal is hit by Alex Chiasson.
2:51 of 3rd period - John Tavares is hit by Brad Marchand and loses puck.
3:50 of 3rd period - Slapshot by Brad Marchand.
3:50 of 3rd period - Shot Hit the Post.
3:56 of 3rd period - Minor Penalty to Brian Lee for Roughing.
3:57 of 3rd period - Jussi Jokinen wins face-off versus Eric Staal in Stars zone.
4:59 of 3rd period - Icing by Erik Johnson.
5:00 of 3rd period - John Tavares wins face-off versus Eric Staal in Flames zone.
5:31 of 3rd period - Derek Meech is hit by Johnny Oduya and loses puck.
5:56 of 3rd period - Penalty to Brian Lee is over, Brian Lee is back on ice.
7:12 of 3rd period - Snap shot by Antoine Vermette.
7:12 of 3rd period - Deflect By Jussi Jokinen.
7:12 of 3rd period - Shot Blocked by Brendan Mikkelson.
7:12 of 3rd period - Puck is out of play.
7:13 of 3rd period - John Tavares wins face-off versus Colin Wilson in Flames zone.
7:15 of 3rd period - Guillaume Latendresse beats up Jordin Tootoo.
7:15 of 3rd period - Penalty to Guillaume Latendresse for Fighting.
7:15 of 3rd period - Penalty to Jordin Tootoo for Fighting.
7:15 of 3rd period - Penalty to Jordin Tootoo for instigated a fight.
7:15 of 3rd period - Penalty to Jordin Tootoo for instigated a fight.
7:16 of 3rd period - Brad Marchand wins face-off versus John Tavares in Flames zone.
9:15 of 3rd period - Penalty to Jordin Tootoo is over, David Backes is send on ice.
9:32 of 3rd period - Slapshot by Colin Wilson.
9:32 of 3rd period - Stopped by Mike Brodeur without a rebound.
9:33 of 3rd period - Colin Wilson wins face-off versus Cory Emmerton in Stars zone.
10:00 of 3rd period - Alexander Semin is hit by B.J. Crombeen and loses puck.
10:43 of 3rd period - Slapshot by Antoine Vermette.
10:43 of 3rd period - Shot Misses the Net.
10:45 of 3rd period - Snap shot by Boris Valabik.
10:45 of 3rd period - Stopped by Pekka Rinne without a rebound.
10:46 of 3rd period - Colin Wilson wins face-off versus Antoine Vermette in Flames zone.
11:09 of 3rd period - Slapshot by David Ullstrom.
11:09 of 3rd period - Shot Misses the Net.
11:11 of 3rd period - Snap shot by David Ullstrom.
11:11 of 3rd period - Goal by David Ullstrom - Flames : 9 - Stars : 3.
11:12 of 3rd period - Eric Staal wins face-off versus Jussi Jokinen in neutral zone.
11:15 of 3rd period - Snap shot by Erik Johnson.
11:15 of 3rd period - Stopped by Mike Brodeur with a rebound.
11:23 of 3rd period - Snap shot by Eric Staal.
11:23 of 3rd period - Stopped by Mike Brodeur with a rebound.
11:30 of 3rd period - Off-side.
11:31 of 3rd period - B.J. Crombeen wins face-off versus Brad Marchand in neutral zone.
11:34 of 3rd period - Wrist shot by John Tavares.
11:34 of 3rd period - Shot Blocked by Derek Meech.
11:48 of 3rd period - Patrick Sharp is hit by Derek Meech.
12:03 of 3rd period - Slapshot by David Backes.
12:03 of 3rd period - Stopped by Mike Brodeur without a rebound.
12:04 of 3rd period - Eric Staal wins face-off versus Antoine Vermette in Stars zone.
12:13 of 3rd period - Wrist shot by Eric Staal.
12:13 of 3rd period - Shot Misses the Net.
12:19 of 3rd period - Slapshot by Eric Staal.
12:19 of 3rd period - Stopped by Mike Brodeur with a rebound.
12:21 of 3rd period - Slapshot by Erik Johnson.
12:21 of 3rd period - Stopped by Mike Brodeur with a rebound.
12:38 of 3rd period - Wrist shot by Brad Marchand.
12:38 of 3rd period - Stopped by Mike Brodeur with a rebound.
12:40 of 3rd period - Wrist shot by Brad Marchand.
12:40 of 3rd period - Shot Misses the Net.
13:08 of 3rd period - Slapshot by Johnny Oduya.
13:08 of 3rd period - Stopped by Pekka Rinne with a rebound.
13:10 of 3rd period - Snap shot by Evgeny Grachev.
13:10 of 3rd period - Shot Misses the Net.
13:12 of 3rd period - Wrist shot by Brian Lee.
13:12 of 3rd period - Deflect By Evgeny Artyukhin.
13:12 of 3rd period - Shot Misses the Net.
13:12 of 3rd period - Puck is out of play.
13:13 of 3rd period - Dustin Penner wins face-off versus Patrik Berglund in Flames zone.
13:16 of 3rd period - Slapshot by Ian White.
13:16 of 3rd period - Stopped by Pekka Rinne without a rebound.
13:17 of 3rd period - Antoine Vermette wins face-off versus Patrik Berglund in Flames zone.
13:20 of 3rd period - Wrist shot by Antoine Vermette.
13:20 of 3rd period - Shot Misses the Net.
13:56 of 3rd period - Wrist shot by Alexander Semin.
13:56 of 3rd period - Stopped by Mike Brodeur with a rebound.
14:27 of 3rd period - Minor Penalty to Jonathan Ferland for High sticking.
14:28 of 3rd period - Mikhail Grabovski wins face-off versus John Tavares in Flames zone.
15:06 of 3rd period - Snap shot by John Tavares.
15:06 of 3rd period - Goal by John Tavares - Flames : 9 - Stars : 4.
15:07 of 3rd period - Eric Staal wins face-off versus Cory Emmerton in neutral zone.
15:18 of 3rd period - Slapshot by Patrick Sharp.
15:18 of 3rd period - Stopped by Pekka Rinne without a rebound.
15:19 of 3rd period - Eric Staal wins face-off versus Antoine Vermette in Flames zone.
15:19 of 3rd period - Eric Staal is hit by Jussi Jokinen.
15:25 of 3rd period - Slapshot by Erik Johnson.
15:25 of 3rd period - Stopped by Mike Brodeur without a rebound.
15:26 of 3rd period - David Backes wins face-off versus Antoine Vermette in Stars zone.
16:47 of 3rd period - Snap shot by Jussi Jokinen.
16:47 of 3rd period - Shot Blocked by Erik Johnson.
17:04 of 3rd period - Slapshot by Eric Staal.
17:04 of 3rd period - Stopped by Mike Brodeur with a rebound.
17:06 of 3rd period - Wrist shot by Tom Poti.
17:06 of 3rd period - Shot Misses the Net.
17:08 of 3rd period - Slapshot by Tom Poti.
17:08 of 3rd period - Stopped by Mike Brodeur with a rebound.
17:18 of 3rd period - Slapshot by Eric Staal.
17:18 of 3rd period - Goal by Eric Staal - Flames : 10 - Stars : 4.
17:19 of 3rd period - Patrik Berglund wins face-off versus John Tavares in neutral zone.
17:23 of 3rd period - Minor Penalty to Johnny Oduya for High sticking.
17:24 of 3rd period - John Tavares wins face-off versus Patrik Berglund in Stars zone.
17:46 of 3rd period - Minor Penalty to Guillaume Latendresse for Holding.
17:47 of 3rd period - John Tavares wins face-off versus Patrik Berglund in Stars zone.
17:56 of 3rd period - Wrist shot by Steve Regier.
17:56 of 3rd period - Stopped by Mike Brodeur with a rebound.
17:58 of 3rd period - Wrist shot by Steve Regier.
17:58 of 3rd period - Shot Blocked by John Tavares.
18:00 of 3rd period - Wrist shot by Brad Marchand.
18:00 of 3rd period - Deflect By Steve Regier.
18:00 of 3rd period - Stopped by Mike Brodeur with a rebound.
19:23 of 3rd period - Penalty to Johnny Oduya is over, Johnny Oduya is back on ice.
19:46 of 3rd period - Penalty to Guillaume Latendresse is over, Guillaume Latendresse is back on ice.
19:48 of 3rd period - Icing by Cory Emmerton.
19:49 of 3rd period - Evgeny Grachev wins face-off versus Patrik Berglund in Stars zone.
19:49 of 3rd period - Evgeny Grachev is hit by Steve Eminger.
Goals for this period are 2 for Flames vs 2 for Stars.
Shots for this period are 15 for Flames vs 7 for Stars.
Back to the Top